Cogmind - Beta 17.1 @@@ ROGUE MODE // 2026.09.10 @ 23:17:02 Player: C0GU55Y Result: Destroyed by B-75 Beast with Magnetic Acceleration Cannon Performance ------------- Evolutions (5) 2500 Regions Visited (16) 3200 Robots Destroyed (178) 890 Value Destroyed (8527) 8527 Prototype IDs (39) 780 Alien Tech Used (0) 0 Bonus (5810) 5810 TOTAL SCORE: 21707 Bonus ------- High Alert Combat Kills 2018 Follower Combat Kills 492 Entered Garrisons 1000 Used RIF Installer 2000 Aligned with FarCom 300 Cogmind --------- Core Integrity 0/1000 Matter 17/300 Energy 325/325 System Corruption 5% Temperature Warm (104) Movement Hovering (96) Ox1 Location -5/Garrison Parts ------- > --- POWER (1) -------- Reinforced Antimatter Reactor > --- PROPULSION (5) --- Experimental Gyrokinetic Inverter Experimental Gyrokinetic Inverter > --- UTILITY (8) ------ Spectral Analyzer > --- WEAPON (3) ------- Autogun Heavy Mass Driver > --- INVENTORY (5) ---- Skeleton Box Improved KE Penetrator Peak State ------------ > --- POWER ------------ Reinforced Deuterium Engine > --- PROPULSION ------- Medium Treads Improved Heavy Treads Armored Huge Wheel > --- UTILITY ---------- Advanced Heat Sink Large Storage Unit Improved Trap Scanner Advanced Terrain Scanner Advanced Targeting Computer Kinecellerator Improved Light Armor Plating Improved Medium Armor Plating > --- WEAPON ----------- Gatling Laser Improved KE Penetrator Enhanced Gauss Cannon > --- INVENTORY -------- Reinforced Antimatter Reactor Matter Compressor Advanced Hacking Suite Skeleton Box Improved Arc Projector Gatling Laser Matter Neutralizer Heavy Mass Driver Long-range Missile Launcher Remote Datajack Improved Remote Datajack Armageddon Trap Armageddon Trap Armageddon Trap [Rating: 84] Favorites ----------- Power Deuterium Engine Engine Deuterium Engine Power Core Light Nuclear Core Reactor Reinforced Antimatter Reactor Propulsion Armored Wheel Treads Armored Treads Wheel Armored Wheel Hover Unit Experimental Gyrokinetic Inverter Utility Large Storage Unit Device Improved Trap Scanner Storage Large Storage Unit Processor Advanced Targeting Computer Protection Improved Medium Armor Plating Weapon Minigun Energy Gun Gatling Laser Energy Cannon Matter Neutralizer Ballistic Gun Minigun Ballistic Cannon Heavy Flak Cannon Launcher Missile Launcher Special Weapon Mining Laser Build | -11 -10 -10 -9 -9 -9 -8 -8 -8 -8 -8 -7 -7 -6 -6 -5 -5 ------- Run | Yrd Mat Min Mat Min Exi Min Mat Gar Mat Gar Fac Gar Fac Gar Fac Gar Slots Evolved 10 | . . . 2 . . . 2 . . . 2 . 2 . 2 . Power . | . . . . . . . . . . . . . . . . . Propulsion 3 | . . . 1 . . . . . . . 1 . . . 1 . Utility 6 | . . . 1 . . . 1 . . . 1 . 2 . 1 . Weapon 1 | . . . . . . . 1 . . . . . . . . . Parts Attached 125 | 7 6 2 18 . . 2 7 12 . 8 7 17 8 12 15 4 Power 15 | 1 1 . 3 . . . 2 1 . 1 . 3 . 2 1 . Engine 11 | 1 1 . 3 . . . . 1 . 1 . 2 . 2 . . Core 3 | . . . . . . . 2 . . . . 1 . . . . Reactor 1 | . . . . . . . . . . . . . . . 1 . Propulsion 20 | 2 1 . 3 . . . 1 1 . 3 2 1 1 1 4 . Treads 11 | 1 . . 3 . . . 1 . . 1 1 1 1 1 1 . Leg . | . . . . . . . . . . . . . . . . . Wheel 6 | 1 1 . . . . . . 1 . 2 1 . . . . . Hover 3 | . . . . . . . . . . . . . . . 3 . Flight . | . . . . . . . . . . . . . . . . . Utility 43 | 2 2 . 3 . . . 3 8 . 1 4 6 5 5 4 . Device 19 | 1 1 . . . . . 1 1 . . 2 3 4 3 3 . Storage 3 | 1 1 . . . . . . . . . . . . 1 . . Processor 3 | . . . . . . . . . . . 1 1 . . 1 . Hackware . | . . . . . . . . . . . . . . . . . Protection 18 | . . . 3 . . . 2 7 . 1 1 2 1 1 . . Artifact . | . . . . . . . . . . . . . . . . . Weapon 47 | 2 2 2 9 . . 2 1 2 . 3 1 7 2 4 6 4 Energy Gun 12 | . . . 2 . . 1 . . . 1 1 3 1 3 . . Energy Cannon 1 | . . . . . . . . . . . . . . . 1 . Ballistic Gun 26 | 2 1 2 6 . . 1 . 2 . 1 . 3 . 1 4 3 Ballistic Cannon 3 | . . . . . . . . . . . . 1 . . 1 1 Launcher 4 | . . . 1 . . . 1 . . 1 . . 1 . . . Special Weapon 1 | . 1 . . . . . . . . . . . . . . . Impact Weapon . | . . . . . . . . . . . . . . . . . Slashing Weapon . | . . . . . . . . . . . . . . . . . Piercing Weapon . | . . . . . . . . . . . . . . . . . Special Melee Weapon . | . . . . . . . . . . . . . . . . . Unidentified Prototypes 9 | . . . 3 . . . . . . . . 1 1 . 4 . Parts Lost 36 | . . . . . . . 1 1 . 8 . 7 . 4 15 . Power 4 | . . . . . . . . 1 . 1 . 1 . . 1 . Propulsion 8 | . . . . . . . . . . 2 . . . 2 4 . Utility 12 | . . . . . . . 1 . . 2 . 2 . 1 6 . Weapon 12 | . . . . . . . . . . 3 . 4 . 1 4 . Highest Loss Streak 14 | . . . . . . . 1 1 . 4 . 3 . 2 14 . To Critical Strikes 1 | . . . . . . . . . . . . . . . 1 . Average Backups 12 | 3 10 14 14 15 15 15 14 14 15 13 14 12 12 11 10 2 Power . | . 1 1 1 1 1 1 1 . 1 . 1 . 1 1 . . Propulsion 1 | 1 3 4 3 3 3 3 3 2 2 1 1 2 1 . . . Utility 2 | . 1 2 3 4 4 4 2 3 4 4 4 2 2 1 1 . Weapon 5 | 1 4 6 7 7 6 6 7 7 7 6 6 4 5 5 5 1 Tool/Special . | . . . . . . . . . . . . . . . . . Unused Backups 39 | . 2 3 6 . . . 3 4 1 . 2 8 2 2 5 1 Power 6 | . 1 1 . . . . . 1 1 . . 1 . 1 . . Propulsion 2 | . 1 . . . . . . . . . . 1 . . . . Utility 8 | . . . . . . . 1 . . . 1 2 2 . 2 . Weapon 20 | . . 2 6 . . . 2 3 . . 1 4 . 1 1 . Tool/Special 3 | . . . . . . . . . . . . . . . 2 1 Average Slot Usage (%) 91 | . 100 100 99 100 100 100 98 99 100 99 99 84 84 86 81 27 Engine 7 | . 14 14 11 11 11 11 4 6 9 8 7 5 6 6 4 . Treads 11 | . 14 14 22 22 22 22 17 18 18 12 14 4 6 6 8 . Wheel 11 | . 14 14 11 11 11 11 8 9 9 13 15 17 13 10 4 . Device 12 | . 14 14 11 11 11 11 8 9 9 9 7 6 18 20 20 . Storage 7 | . 14 14 11 11 11 11 9 9 9 9 7 7 6 6 4 . Processor 3 | . . . . . . . . . . . 6 7 6 6 4 5 Protection 11 | . . . 10 11 11 11 17 18 18 17 15 8 6 9 10 . Energy Gun 4 | . . . . . . 1 8 9 9 4 1 6 5 6 4 . Ballistic Gun 16 | . 27 28 21 22 22 20 17 18 18 22 21 10 13 12 8 3 Peak Build Rating 84 | 9 10 12 23 23 23 23 31 36 36 36 42 64 75 78 84 51 Average Rating 46 | 5 9 11 19 23 23 23 30 30 36 34 36 57 72 74 76 40 On Entrance 32 | . 9 10 12 23 23 23 23 30 36 36 32 42 64 73 71 38 Avg Prop Armor Cover (%) 11 | 14 13 11 15 18 18 18 15 13 11 6 9 6 7 8 11 . Naked Turns . | . . . . . . . . . . . . . . . . . Heaviest Build 80 | 11 28 32 38 38 38 38 46 53 53 56 53 67 72 80 73 27 Greatest Support 75 | 16 16 12 40 12 12 12 43 12 12 43 52 75 75 75 41 28 Greatest Overweight (x) 4 | . 2 2 3 3 3 3 3 4 4 4 2 2 2 3 2 . Average Overweight (x) 2 | . 1 2 2 3 3 3 2 3 4 2 1 1 1 2 1 . Largest Inventory Capacity 15 | 8 15 15 15 15 15 15 15 15 15 15 15 15 15 15 15 5 Average Capacity 14 | 7 12 15 15 15 15 15 15 15 15 15 15 15 15 15 14 5 Most Carried 15 | 5 13 15 15 15 15 15 15 15 15 15 15 15 15 15 15 4 Average Carried 14 | 3 10 14 14 15 15 15 14 14 15 13 14 14 14 14 14 3 Final Capacity 15 | 8 15 15 15 15 15 15 15 15 15 15 15 15 15 15 5 5 Final Carried 15 | 5 13 15 15 15 15 15 15 15 15 15 15 15 15 15 4 2 Class Distribution -------------------- 44% | Tank 22% | Scavenger-Tank 18% | Mutant 6% | Skirmisher 5% | Commander-Tank Dominant Class ---------------- Mutant | -10/Materials Mutant | -10/Mines Mutant | -9/Materials Mutant | -9/Mines Mutant | -9/Exiles Skirmisher | -8/Mines Tank | -8/Materials Tank | -8/Garrison Commander-Tank | -8/Materials Tank | -8/Garrison Scavenger-Tank | -7/Factory Tank | -7/Garrison Tank | -6/Factory Scavenger-Tank | -6/Garrison Scavenger-Tank | -5/Factory Mutant | -5/Garrison Resources | -11 -10 -10 -9 -9 -9 -8 -8 -8 -8 -8 -7 -7 -6 -6 -5 -5 ----------- Run | Yrd Mat Min Mat Min Exi Min Mat Gar Mat Gar Fac Gar Fac Gar Fac Gar Matter Collected 5763 | 296 66 80 611 . . 44 637 145 . 901 217 1175 424 1026 60 81 Remotely . | . . . . . . . . . . . . . . . . . Salvage Created 7208 | 72 106 11 623 . . 69 800 139 . 784 215 1586 671 1760 252 120 Parts 368 | 6 7 2 49 . . 7 41 7 . 42 13 63 43 66 12 10 Haulers Intercepted 7 | . . . 3 . . . 2 . . . . . . . 2 . Recyclers Shooed 1 | 1 . . . . . . . . . . . . . . . . Parts Field Recycled . | . . . . . . . . . . . . . . . . . Retrieved Matter . | . . . . . . . . . . . . . . . . . Parts Self-Destructed . | . . . . . . . . . . . . . . . . . Prevented . | . . . . . . . . . . . . . . . . . Parts Restored . | . . . . . . . . . . . . . . . . . Kills | -11 -10 -10 -9 -9 -9 -8 -8 -8 -8 -8 -7 -7 -6 -6 -5 -5 ------- Run | Yrd Mat Min Mat Min Exi Min Mat Gar Mat Gar Fac Gar Fac Gar Fac Gar Combat Hostiles Destroyed 142 | . 2 . 13 . . 4 12 2 . 19 2 38 13 26 5 6 Guns 99 | . 2 . 12 . . 4 10 2 . 16 2 18 6 24 . 3 Cannons 11 | . . . . . . . . . . . . 6 . . 2 3 AOE 30 | . . . 1 . . . 2 . . 3 . 14 7 1 2 . Classes Destroyed 18 | 1 1 1 5 . . . 2 2 . 2 . . . 4 . . Worker 8 | . . 1 1 . . . 2 . . . 1 . 3 . . . Builder 8 | . . . 2 . . . 1 . . . . . 4 . 1 . Tunneler 3 | 3 . . . . . . . . . . . . . . . . Hauler 7 | . . . 3 . . . 2 . . . . . . . 2 . Recycler 3 | . . . . . . . 1 . . . 1 . 1 . . . Operator 3 | . . . 1 . . . . . . . . 1 1 . . . Watcher 3 | . . . . . . . 1 . . . . . 2 . . . Swarmer 47 | . . . 4 . . 4 . . . . . 20 6 7 . 6 Grunt 51 | . 2 . 6 . . . 10 . . 9 1 10 4 9 . . Brawler 1 | . . . . . . . . . . . . . . 1 . . Duelist 1 | . . . . . . . . . . . . . . 1 . . Protector 1 | . . . . . . . . . . 1 . . . . . . Sentry 19 | . . . 3 . . . 2 . . 4 . 8 1 1 . . Demolisher 1 | . . . . . . . . . . 1 . . . . . . Specialist 2 | . . . . . . . . . . . . . . 2 . . Hunter 6 | . . . . . . . . 1 . 2 . . . 1 2 . Programmer 12 | . . . . . . . . 1 . 3 1 . 2 2 3 . Behemoth 2 | . . . . . . . . . . . . . . 2 . . Best Kill Streak 13 | 3 2 1 6 . . 4 6 2 . 6 2 8 13 3 5 3 Combat Bots Only 8 | . 2 . 4 . . 4 3 2 . 6 1 8 7 3 3 3 Max Kills in Single Turn 4 | 1 1 1 3 . . 2 2 1 . 1 1 3 4 2 1 2 Gunslinging 1 | . . . 1 . . 1 . . . . . . 1 . . . Exploded 3 | . . . 1 . . . 1 . . 1 . 3 2 1 1 . Melee . | . . . . . . . . . . . . . . . . . Uniques/NPCs Destroyed . | . . . . . . . . . . . . . . . . . Combat | -11 -10 -10 -9 -9 -9 -8 -8 -8 -8 -8 -7 -7 -6 -6 -5 -5 -------- Run | Yrd Mat Min Mat Min Exi Min Mat Gar Mat Gar Fac Gar Fac Gar Fac Gar Hostile Shots Fired 1022 | . 13 . 55 . . 18 48 8 . 117 13 273 63 160 217 37 Missed 330 | . 5 . 23 . . 6 13 1 . 23 5 104 20 53 71 6 Hits 692 | . 8 . 32 . . 12 35 7 . 94 8 169 43 107 146 31 Melee 2 | . . . . . . . . . . . . . . 2 . . Projectile 690 | . 8 . 32 . . 12 35 7 . 94 8 169 43 105 146 31 AOE 3 | . . . . . . . . . . 3 . . . . . . Critical Strikes 19 | . . . 1 . . . 3 . . 7 . . 1 3 4 . Part Disruptions 6 | . . . . . . . . . . . . . . 2 4 . Damage Taken 11246 | . 111 . 422 . . 100 554 319 . 1713 259 1815 412 1978 3052 511 Core 1635 | . 43 . 111 . . . 83 16 . 84 72 118 . 84 934 90 Absorbed by Shields 88 | . . . . . . . . . . . . . . 88 . . Redirected to Shielding 20 | . . . . . . . . 20 . . . . . . . . Regen/Repaired (Parts) 168 | . . . . . . . . . . . . . 168 . . . Core Remaining (%) 80 | 100 . 82 . . . 72 . . . 66 . 72 . 90 . . Volleys Fired 556 | 15 19 1 50 . . 6 37 22 . 60 15 153 24 121 14 19 Largest 3 | 2 2 2 2 . . 2 3 3 . 3 3 3 3 3 3 1 Hottest 215 | 40 100 46 70 . . 70 95 95 . 103 100 152 140 190 215 65 Shots Fired 1112 | 30 37 2 93 . . 12 100 34 . 147 39 251 54 266 27 20 Gun 1034 | 30 36 2 90 . . 12 95 33 . 141 36 214 50 264 16 15 Cannon 31 | . . . . . . . . . . . . 23 . . 3 5 Launcher 44 | . . . 3 . . . 5 1 . 6 1 14 4 2 8 . Special 3 | . 1 . . . . . . . . . 2 . . . . . Kinetic 709 | 30 36 2 84 . . 6 64 12 . 119 26 119 32 150 9 20 Thermal 230 | . 1 . . . . . . . . . 2 98 18 101 10 . Explosive 44 | . . . 3 . . . 5 1 . 6 1 14 4 2 8 . Electromagnetic 129 | . . . 6 . . 6 31 21 . 22 10 20 . 13 . . Robot Hit Streak 37 | 7 7 2 8 . . 6 8 10 . 14 5 37 31 34 25 3 Robot Miss Streak 7 | 3 6 . 7 . . 5 3 5 . 4 3 6 3 3 4 4 Penetration Max 1 | . . . . . . . . . . . . 1 1 1 . 1 Secondary Targets 17 | . . . 3 . . 2 1 . . 3 . 2 1 5 . . Max Gunslinging Chain 1 | . . . 1 . . 1 1 . . 1 . 1 1 1 . . Shots Hit Robots 737 | 15 24 2 47 . . 7 66 21 . 92 18 170 41 205 21 8 Core Hits 447 | 6 8 1 28 . . 4 46 12 . 36 6 144 42 76 31 7 Critical Kills 4 | . . . . . . . . . . . . 1 1 1 . 1 Critical Parts Destroyed 8 | 1 . . . . . . . . . 2 . . 1 4 . . Critical Strikes 16 | 1 . . . . . . . . . 3 . 3 2 5 . 2 Burn 2 | . . . . . . . . . . . . 2 . . . . Destroy 13 | 1 . . . . . . . . . 3 . 1 2 5 . 1 Blast 1 | . . . . . . . . . . . . . . . . 1 Melee Attacks . | . . . . . . . . . . . . . . . . . Impact . | . . . . . . . . . . . . . . . . . Slashing . | . . . . . . . . . . . . . . . . . Piercing . | . . . . . . . . . . . . . . . . . Sneak Attacks . | . . . . . . . . . . . . . . . . . Combat Hostiles . | . . . . . . . . . . . . . . . . . Follow-up Attacks . | . . . . . . . . . . . . . . . . . Damage Inflicted 22026 | 135 181 32 922 . . 92 1618 513 . 2377 372 4977 2287 6007 2104 409 Guns 14720 | 135 181 32 772 . . 92 1042 327 . 1602 332 3005 1089 5603 426 82 Cannons 866 | . . . . . . . . . . . . 405 . . 134 327 Explosions 6440 | . . . 150 . . . 576 186 . 775 40 1567 1198 404 1544 . Melee . | . . . . . . . . . . . . . . . . . Ramming . | . . . . . . . . . . . . . . . . . Kinetic 9165 | 135 181 32 714 . . 33 539 113 . 1363 222 1403 578 3236 207 409 Thermal 5585 | . . . . . . . 38 95 . . 40 1942 796 2321 353 . Explosive 5941 | . . . 150 . . . 538 91 . 775 . 1526 913 404 1544 . Electromagnetic 1335 | . . . 58 . . 59 503 214 . 239 110 106 . 46 . . Impact . | . . . . . . . . . . . . . . . . . Slashing . | . . . . . . . . . . . . . . . . . Piercing . | . . . . . . . . . . . . . . . . . Highest Corruption 5 | . . . . . . . . . . 4 . . 2 3 5 5 Average Corruption 2 | . . . . . . . . . . 3 . . 1 2 3 5 Corruption Purged . | . . . . . . . . . . . . . . . . . Corruption Blocked . | . . . . . . . . . . . . . . . . . Effects 56 | . . . . . . . . . . 19 . . . 30 1 6 Message Errors 14 | . . . . . . . . . . 3 . . . 8 1 2 Matter Fused 12 | . . . . . . . . . . 4 . . . 5 . 3 Heat Flow Errors 5 | . . . . . . . . . . 2 . . . 3 . . Energy Discharges 7 | . . . . . . . . . . 3 . . . 4 . . Parts Rejected 2 | . . . . . . . . . . 1 . . . 1 . . Data Loss (minor) 3 | . . . . . . . . . . 2 . . . 1 . . Data Loss (major) 4 | . . . . . . . . . . 1 . . . 3 . . Misfires 3 | . . . . . . . . . . . . . . 2 . 1 Alerts 1 | . . . . . . . . . . . . . . 1 . . Weapon Failures 5 | . . . . . . . . . . 3 . . . 2 . . Overload Shots . | . . . . . . . . . . . . . . . . . Overflow Damage 147 | . . . . . . . 24 . . . . 41 69 . 6 7 Projectiles 13 | . . . . . . . . . . . . . . . 6 7 Explosions 134 | . . . . . . . 24 . . . . 41 69 . . . Melee . | . . . . . . . . . . . . . . . . . Knockbacks . | . . . . . . . . . . . . . . . . . Impact . | . . . . . . . . . . . . . . . . . Kinetic . | . . . . . . . . . . . . . . . . . Secondary . | . . . . . . . . . . . . . . . . . Self-Inflicted Damage 524 | . . . . . . . . 96 . 135 186 107 . . . . Shots 10 | . . . . . . . . 2 . 3 3 2 . . . . Rammed . | . . . . . . . . . . . . . . . . . Targets Rammed . | . . . . . . . . . . . . . . . . . Kicked . | . . . . . . . . . . . . . . . . . Crushed . | . . . . . . . . . . . . . . . . . Highest Temperature 252 | . 20 . 116 . . 116 93 24 . 203 36 213 7 247 252 104 Average Temperature 47 | . 9 . 29 . . 58 28 14 . 33 16 42 7 64 69 36 Received Heat Transfer 2147 | . 63 . 153 . . . 333 . . 522 21 396 66 421 160 12 Siege Activations . | . . . . . . . . . . . . . . . . . Martial Activations . | . . . . . . . . . . . . . . . . . Shielding Activations . | . . . . . . . . . . . . . . . . . Robots Disrupted . | . . . . . . . . . . . . . . . . . Combat Hostiles . | . . . . . . . . . . . . . . . . . Robots Corrupted . | . . . . . . . . . . . . . . . . . Combat Hostiles . | . . . . . . . . . . . . . . . . . Parts Fried 2 | . . . . . . . . 1 . . . 1 . . . . Impact Corruptions . | . . . . . . . . . . . . . . . . . Robots Melted 1 | . . . . . . . . . . . . . . 1 . . Combat Hostiles 1 | . . . . . . . . . . . . . . 1 . . Parts Melted 7 | . . . . . . . . . . . . 4 . 2 1 . Heat Transferred 9825 | . . . . . . . 50 100 . . 50 4446 1275 3407 497 . Parts Sabotaged . | . . . . . . . . . . . . . . . . . Parts Stolen . | . . . . . . . . . . . . . . . . . Parts Stripped . | . . . . . . . . . . . . . . . . . Power Chain Reactions 4 | . . . . . . . 1 1 . . 1 1 . . . . Alert | -11 -10 -10 -9 -9 -9 -8 -8 -8 -8 -8 -7 -7 -6 -6 -5 -5 ------- Run | Yrd Mat Min Mat Min Exi Min Mat Gar Mat Gar Fac Gar Fac Gar Fac Gar Maximum Alert Level 5 | . . . 1 . . . . 3 2 3 2 4 3 5 3 3 Low Security (%) 26 | 100 100 100 90 100 . 100 100 3 . . 27 5 . . . . Level 1 11 | . . . 9 . . . . 44 12 22 52 9 . . . . Level 2 23 | . . . . . . . . 31 87 40 20 28 77 18 . 40 Level 3 22 | . . . . . . . . 20 . 36 . 17 22 25 100 59 Level 4 13 | . . . . . . . . . . . . 39 . 39 . . Level 5 3 | . . . . . . . . . . . . . . 16 . . High Security . | . . . . . . . . . . . . . . . . . Max Security . | . . . . . . . . . . . . . . . . . Peak Influence 1917 | 5 40 5 221 73 . 90 127 891 434 880 462 1473 762 1917 1034 812 Initial 1005 | . . . . 73 . . . 38 434 256 462 176 762 464 1005 628 Average 615 | . 5 . 138 68 . 27 64 504 415 573 260 885 606 1176 945 700 Influence Increases 7004 | 15 73 5 538 . . 90 381 863 . 744 250 1407 462 1573 419 184 Destroy 0b10 Robot/C 3180 | . 40 . 300 . . 80 240 40 . 360 40 780 260 760 160 120 Destroy 0b10 Robot/NC 235 | 15 . 5 35 . . . 35 5 . 5 10 30 55 20 20 . Destroy Leader 370 | . 10 . 66 . . 10 66 . . 30 20 30 54 40 34 10 Allied During Kill 182 | . . . 8 . . . . . . 17 . 35 . 117 5 . Trap Triggered on 0b10 20 | . . . . . . . . . . . . . . . 20 . Successful Hack 159 | . 8 . 21 . . . 9 30 . 28 22 21 1 . 19 . Disable Machine 390 | . 15 . 60 . . . . . . . 90 60 30 105 30 . Anti-Garrison Action 1600 | . . . . . . . . 750 . 150 . 250 . 400 . 50 Destroy Structure 598 | . . . 48 . . . 31 38 . 109 53 156 32 41 86 4 Partial Spotted 15 | . . . . . . . . . . . . . . . 15 . Lose Combat Pursuer 255 | . . . . . . . . . . 45 15 45 30 90 30 . Influence Decreases 6192 | 15 73 5 350 125 63 90 322 31 497 258 878 206 1251 320 1438 270 Entered New Map 3361 | . . . . 115 63 . . 21 457 138 418 76 691 200 912 270 Time Decay 1931 | 15 73 5 310 10 . 90 312 . 40 . 310 . 410 . 356 . Lost Part 360 | . . . . . . . 10 10 . 80 . 70 . 40 150 . Lost Ally 240 | . . . 40 . . . . . . 40 . 60 . 80 20 . Purge Threat 300 | . . . . . . . . . . . 150 . 150 . . . Squads Dispatched 13 | . . . . . . . 3 . . . 2 . 2 . 6 . Investigation . | . . . . . . . . . . . . . . . . . Extermination 4 | . . . . . . . . . . . 1 . 2 . 1 . Reinforcement 3 | . . . . . . . 2 . . . . . . . 1 . Assault 1 | . . . . . . . . . . . . . . . 1 . Garrison 5 | . . . . . . . 1 . . . 1 . . . 3 . Intercept . | . . . . . . . . . . . . . . . . . Searches Triggered . | . . . . . . . . . . . . . . . . . Construction Impeded 2 | . . . . . . . 1 . . . . . . . 1 . Haulers Reinforced . | . . . . . . . . . . . . . . . . . Active Scanning Responses . | . . . . . . . . . . . . . . . . . Cargo Convoy Interrupts 1 | . . . . . . . . . . . . . . . 1 . Stealth | -11 -10 -10 -9 -9 -9 -8 -8 -8 -8 -8 -7 -7 -6 -6 -5 -5 --------- Run | Yrd Mat Min Mat Min Exi Min Mat Gar Mat Gar Fac Gar Fac Gar Fac Gar Distress Signals 3 | . . . 1 . . . . . . . 1 . 1 . . . Communications Jammed . | . . . . . . . . . . . . . . . . . Distress Signals . | . . . . . . . . . . . . . . . . . Times Spotted 207 | . 4 . 22 . . 4 13 2 . 20 6 39 19 42 23 13 Peak Tracking Total 12 | . 2 . 6 . . 4 3 1 . 7 2 9 7 8 12 11 Tactical Retreats 14 | . . . . . . . . . . 3 1 3 2 3 2 . Traps | -11 -10 -10 -9 -9 -9 -8 -8 -8 -8 -8 -7 -7 -6 -6 -5 -5 ------- Run | Yrd Mat Min Mat Min Exi Min Mat Gar Mat Gar Fac Gar Fac Gar Fac Gar Traps Triggered 23 | . . . . . . . 4 3 . 5 . 7 1 3 . . Indirectly . | . . . . . . . . . . . . . . . . . Trap Hack Attempts . | . . . . . . . . . . . . . . . . . Triggered . | . . . . . . . . . . . . . . . . . Disarmed . | . . . . . . . . . . . . . . . . . Reprogrammed . | . . . . . . . . . . . . . . . . . Reused 2 | . . . . . . . . . . . . . . . 2 . Traps Extracted . | . . . . . . . . . . . . . . . . . Installed 5 | . . . . . . . . . . . . . . 1 4 . Triggered 2 | . . . . . . . . . . . . . . . 2 . Most Traps Carried 4 | . . . . . . . . . . . . . . 4 4 . Machines | -11 -10 -10 -9 -9 -9 -8 -8 -8 -8 -8 -7 -7 -6 -6 -5 -5 ---------- Run | Yrd Mat Min Mat Min Exi Min Mat Gar Mat Gar Fac Gar Fac Gar Fac Gar Machines Disabled 46 | . 1 . 5 . . . . 6 . 4 6 7 2 13 2 . Max in Single Turn 4 | . 1 . 1 . . . . 2 . 2 4 2 2 1 . . Garrison Relay 6 | . . . . . . . . 4 . . . . . 2 . . Phase Generator 3 | . . . . . . . . 1 . 1 . 1 . . . . Machines Repaired . | . . . . . . . . . . . . . . . . . Machines Dismantled . | . . . . . . . . . . . . . . . . . Machines Sabotaged . | . . . . . . . . . . . . . . . . . Overloaded Fab Kills . | . . . . . . . . . . . . . . . . . Hacking | -11 -10 -10 -9 -9 -9 -8 -8 -8 -8 -8 -7 -7 -6 -6 -5 -5 --------- Run | Yrd Mat Min Mat Min Exi Min Mat Gar Mat Gar Fac Gar Fac Gar Fac Gar Machines Accessed 46 | . 4 . 4 . 2 . 3 5 2 3 7 2 6 2 5 1 Terminals 33 | . 4 . 4 . . . 2 5 1 3 4 2 2 2 3 1 Fabricators 3 | . . . . . . . . . . . 1 . 1 . 1 . Repair Stations 1 | . . . . . . . . . . . . . 1 . . . Recycling Units 1 | . . . . . . . . . . . 1 . . . . . Scanalyzers 1 | . . . . . . . . . . . . . 1 . . . Garrison Access 5 | . . . . . . . 1 . 1 . 1 . 1 . 1 . Total Hacks 108 | . 13 . 13 . 2 . 10 9 4 5 15 4 13 4 14 2 Successful 45 | . 2 . 4 . 2 . 6 2 1 2 8 2 8 1 7 . Failed 63 | . 11 . 9 . . . 4 7 3 3 7 2 5 3 7 2 Catastrophic 11 | . 3 . 1 . . . . 1 . . . 2 1 1 1 1 Database Lockouts . | . . . . . . . . . . . . . . . . . Manual 41 | . 6 . 7 . 1 . 6 . . . 8 . 5 . 8 . Terminals 88 | . 13 . 13 . . . 9 9 3 5 10 4 5 4 11 2 Fabricators 5 | . . . . . . . . . . . 2 . 1 . 2 . Repair Stations 3 | . . . . . . . . . . . . . 3 . . . Recycling Units 2 | . . . . . . . . . . . 2 . . . . . Scanalyzers 3 | . . . . . . . . . . . . . 3 . . . Garrison Access 5 | . . . . . . . 1 . 1 . 1 . 1 . 1 . Terminal Hacks 22 | . 2 . 4 . 2 . 2 2 . 2 2 2 1 1 2 . Record 1 | . . . . . 1 . . . . . . . . . . . Prototype ID Bank 3 | . 1 . 1 . . . 1 . . . . . . . . . Open Door 1 | . . . . . . . . . . . . 1 . . . . Branch Access Points 2 | . 1 . 1 . . . . . . . . . . . . . Emergency Access Points 3 | . . . . . . . . . . 1 . 1 . 1 . . Terminal Index 2 | . . . 1 . . . . . . . 1 . . . . . Unreport Threat 2 | . . . . . . . . . . . 1 . 1 . . . Dispatch Records 1 | . . . . . . . 1 . . . . . . . . . Maintenance Status 1 | . . . . . . . . . . . . . . . 1 . Registered Components 2 | . . . 1 . . . . . . . . . . . 1 . Garrison Registry 1 | . . . . . . . . . . 1 . . . . . . Patrol Navigation 1 | . . . . . . . . 1 . . . . . . . . Security Stations 1 | . . . . . . . . 1 . . . . . . . . Proto ID Catalog 1 | . . . . . 1 . . . . . . . . . . . Fabricator Hacks 2 | . . . . . . . . . . . 1 . . . 1 . Network Status 2 | . . . . . . . . . . . 1 . . . 1 . Repair Station Hacks 2 | . . . . . . . . . . . . . 2 . . . Scan Component 1 | . . . . . . . . . . . . . 1 . . . Repair 1 | . . . . . . . . . . . . . 1 . . . Recycling Unit Hacks . | . . . . . . . . . . . . . . . . . Scanalyzer 3 | . . . . . . . . . . . . . 3 . . . Retrieve Study 3 | . . . . . . . . . . . . . 3 . . . Garrison Access Hacks 5 | . . . . . . . 1 . 1 . 1 . 1 . 1 . Unlock Access 5 | . . . . . . . 1 . 1 . 1 . 1 . 1 . Unauthorized Hacks 11 | . . . . . . . 3 . . . 4 . 1 . 3 . Terminals 11 | . . . . . . . 3 . . . 4 . 1 . 3 . Botnet 8 | . . . . . . . 2 . . . 3 . 1 . 2 . Operators 3 | . . . . . . . 1 . . . 1 . . . 1 . Fabricators . | . . . . . . . . . . . . . . . . . Repair Stations . | . . . . . . . . . . . . . . . . . Recycling Units . | . . . . . . . . . . . . . . . . . Scanalyzers . | . . . . . . . . . . . . . . . . . Garrison Access . | . . . . . . . . . . . . . . . . . Data Cores Recovered 2 | . . . 1 . . . . . . . . . 1 . . . Used 2 | . . . 1 . . . . . . . . . 1 . . . Hacking Detections 34 | . 4 . 3 . . . 2 3 1 1 7 2 4 1 5 1 Full Trace Events 6 | . . . . . . . . 2 . 1 . 2 . . . 1 Feedback Events . | . . . . . . . . . . . . . . . . . Feedback Blocked . | . . . . . . . . . . . . . . . . . Robot Schematics Acquired . | . . . . . . . . . . . . . . . . . Robots Built . | . . . . . . . . . . . . . . . . . Authchips . | . . . . . . . . . . . . . . . . . Time . | . . . . . . . . . . . . . . . . . Total Robot Build Rating . | . . . . . . . . . . . . . . . . . Part Schematics Acquired . | . . . . . . . . . . . . . . . . . Parts Built . | . . . . . . . . . . . . . . . . . Authchips . | . . . . . . . . . . . . . . . . . Time . | . . . . . . . . . . . . . . . . . Total Part Build Rating . | . . . . . . . . . . . . . . . . . Part Studies Acquired 3 | . . . . . . . . . . . . . 3 . . . Parts Repaired 1 | . . . . . . . . . . . . . 1 . . . Time 44 | . . . . . . . . . . . . . 44 . . . Parts Recycled . | . . . . . . . . . . . . . . . . . Recycled Matter . | . . . . . . . . . . . . . . . . . Retrieved Matter . | . . . . . . . . . . . . . . . . . Retrieved Components . | . . . . . . . . . . . . . . . . . Parts Scanalyzed . | . . . . . . . . . . . . . . . . . Part Schematics Acquired . | . . . . . . . . . . . . . . . . . Parts Damaged . | . . . . . . . . . . . . . . . . . Bothacking | -11 -10 -10 -9 -9 -9 -8 -8 -8 -8 -8 -7 -7 -6 -6 -5 -5 ------------ Run | Yrd Mat Min Mat Min Exi Min Mat Gar Mat Gar Fac Gar Fac Gar Fac Gar Used RIF Installer 4 | . . . . . . . . 1 . 1 . 1 . 1 . . Signal Jammer 1 | . . . . . . . . . . 1 . . . . . . Alert ID Control 1 | . . . . . . . . . . . . 1 . . . . Structural Interface 1 | . . . . . . . . . . . . . . 1 . . Robots Hacked . | . . . . . . . . . . . . . . . . . Non-combat . | . . . . . . . . . . . . . . . . . Combat . | . . . . . . . . . . . . . . . . . Robot Hacks Applied . | . . . . . . . . . . . . . . . . . Relay Couplers Released 30 | . . . . . . . . 23 . . . . . 7 . . Machine Destruction 26 | . . . . . . . . 19 . . . . . 7 . . Programmers 4 | . . . . . . . . 4 . . . . . . . . Fabnet Peak Effective % . | . . . . . . . . . . . . . . . . . Robots Rewired 15 | . . . . . . . . 5 . . . 3 . 7 . . Allies Hacked . | . . . . . . . . . . . . . . . . . Hacks Repelled . | . . . . . . . . . . . . . . . . . Allies | -11 -10 -10 -9 -9 -9 -8 -8 -8 -8 -8 -7 -7 -6 -6 -5 -5 -------- Run | Yrd Mat Min Mat Min Exi Min Mat Gar Mat Gar Fac Gar Fac Gar Fac Gar Total Allies 18 | . . 3 . . . . . 5 . . . 3 . 7 . . Largest Group 6 | . . 3 3 . . . . 4 4 4 . 3 . 6 1 . Highest-Rated Group 258 | . . 40 40 . . . . 78 78 78 . 95 . 258 116 . Highest-Rated Ally 116 | . . 16 16 . . . . 21 21 21 . 39 . 116 116 . Total Orders 3 | . . . . . . . . . . . . . . 2 1 . STAY 2 | . . . . . . . . . . . . . . 1 1 . FOLLOW 1 | . . . . . . . . . . . . . . 1 . . Ally Attacks 101 | . . . 18 . . . . . . 10 . 16 . 47 10 . Total Damage 3124 | . . . 303 . . . . . . 176 . 288 . 1740 617 . Kills 22 | . . . 3 . . . . . . . . 1 . 14 4 . Allies Corrupted . | . . . . . . . . . . . . . . . . . Allies Melted . | . . . . . . . . . . . . . . . . . Intel | -11 -10 -10 -9 -9 -9 -8 -8 -8 -8 -8 -7 -7 -6 -6 -5 -5 ------- Run | Yrd Mat Min Mat Min Exi Min Mat Gar Mat Gar Fac Gar Fac Gar Fac Gar Active Infowar (turns) 7006 | 9 409 240 792 38 491 297 . . . . 624 114 902 2121 801 168 Optics 915 | . . . . . . . . . . . 624 114 . . 9 168 Sensors 2206 | . 348 240 792 38 491 297 . . . . . . . . . . Terrain 943 | 9 61 . . . . . . . . . . . 264 . 609 . Traps 3753 | . . . . . . . . . . . . . 840 2121 792 . Robot Analysis Total . | . . . . . . . . . . . . . . . . . Derelict Logs Recovered 1 | . . 1 . . . . . . . . . . . . . . Drone Launches . | . . . . . . . . . . . . . . . . . Drone Recoveries . | . . . . . . . . . . . . . . . . . Exploration | -11 -10 -10 -9 -9 -9 -8 -8 -8 -8 -8 -7 -7 -6 -6 -5 -5 ------------- Run | Yrd Mat Min Mat Min Exi Min Mat Gar Mat Gar Fac Gar Fac Gar Fac Gar Turns Passed 11681 | 142 410 240 792 38 491 297 773 1167 91 861 680 1579 985 2151 816 168 Spaces Moved 7202 | 90 265 188 453 29 363 198 424 703 57 433 395 891 597 1298 604 214 Core 13 | 4 . . . . . . . . . . . . . . 9 . Treads 389 | . . . 42 . . . 4 . . 60 1 171 63 48 . . Legs . | . . . . . . . . . . . . . . . . . Wheels 6570 | 86 265 188 411 29 363 198 420 703 57 373 394 720 534 1250 579 . Hover 230 | . . . . . . . . . . . . . . . 16 214 Flight . | . . . . . . . . . . . . . . . . . Fastest Speed 45 | 50 100 120 120 135 135 135 120 135 150 105 93 93 120 120 45 56 Average Speed 125 | 97 110 120 132 135 135 135 135 137 150 144 119 121 124 128 116 56 Slowest Speed 250 | 100 120 120 170 135 135 135 250 150 150 245 240 160 160 240 120 56 Overloaded Moves 10 | . . . . . . . . . . . . . . . 10 . Propulsion Burnouts . | . . . . . . . . . . . . . . . . . Robots Hopped . | . . . . . . . . . . . . . . . . . Potential Cave-ins 1 | . . . . . . . . . . . . . . . 1 . Cave-ins Triggered . | . . . . . . . . . . . . . . . . . Exploration Rate (%) 41 | 3 37 43 38 9 67 60 28 99 9 62 10 92 20 98 11 24 Regions Visited 16 Branch Regions 4 Pre-discovered Areas 2 | . . 1 . . 1 . . . . . . . . . . . Known Exits Taken 7 | . 1 . 1 . . . 1 . 1 . 1 . 1 . 1 . Unknown Exits Taken 5 | 1 . 1 . 1 1 1 . . . . . . . . . . Scrap Searched 1 | . . 1 . . . . . . . . . . . . . . Spaces Dug . | . . . . . . . . . . . . . . . . . Terrain Destroyed 591 | . . . 16 . . . 31 58 . 168 53 181 29 17 36 2 Melee . | . . . . . . . . . . . . . . . . . Projectile 14 | . . . . . . . . . . 1 . 3 . 6 2 2 AOE 576 | . . . 16 . . . 31 58 . 167 53 178 28 11 34 . Terrain Rammed . | . . . . . . . . . . . . . . . . . Walls Destroyed . | . . . . . . . . . . . . . . . . . Machines Disabled . | . . . . . . . . . . . . . . . . . Actions | -11 -10 -10 -9 -9 -9 -8 -8 -8 -8 -8 -7 -7 -6 -6 -5 -5 --------- Run | Yrd Mat Min Mat Min Exi Min Mat Gar Mat Gar Fac Gar Fac Gar Fac Gar Total 8931 | 116 350 202 563 28 364 216 554 882 65 560 574 1162 794 1569 690 242 Wait 545 | . 44 3 5 . . 11 61 13 6 32 138 24 141 30 34 3 Move 7190 | 89 264 187 452 28 362 197 424 702 57 432 395 889 597 1297 604 214 Hop . | . . . . . . . . . . . . . . . . . Pick Up 92 | 5 9 4 9 . 1 . 6 7 1 9 5 14 9 9 4 . Fast Attach 62 | 7 1 . 7 . . . 11 2 . 1 4 8 5 4 10 2 Attach 34 | . . . 2 . . . 3 1 . 8 3 7 2 4 2 2 Detach 6 | . 1 . 2 . . . . . . . 1 1 . . . 1 Swap 90 | . 6 3 12 . . 2 5 11 . 5 4 17 6 15 4 . Drop 128 | . 6 4 24 . 1 . 7 16 1 1 9 23 10 11 14 1 Fire 556 | 15 19 1 50 . . 6 37 22 . 60 15 153 24 121 14 19 Melee . | . . . . . . . . . . . . . . . . . Ram . | . . . . . . . . . . . . . . . . . Kick . | . . . . . . . . . . . . . . . . . Crush . | . . . . . . . . . . . . . . . . . Escape Stasis 27 | . . . . . . . . . . 12 . 12 . 3 . . Rewire 196 | . . . . . . . . 108 . . . 14 . 74 . . Trap 5 | . . . . . . . . . . . . . . 1 4 . Miscellaneous . | . . . . . . . . . . . . . . . . . Route ------- -11/Scrapyard -10/Materials (discovered 3 exits: *Mat / *Min x2) -10/Mines (discovered 2 exits: *Mat / [*Sub]) -9/Materials (discovered 5 exits: *Mat / *Min x2 / *Sto x2) -9/Mines -9/Exiles (discovered 2 exits: [*Min x2]) -8/Mines -8/Materials -8/Garrison (discovered 3 exits: *Mat x3) -8/Materials -8/Garrison (discovered 3 exits: *Fac x3) -7/Factory (discovered 2 exits: *Fac / Gar) -7/Garrison (discovered 3 exits: *Fac x3) -6/Factory -6/Garrison (discovered 3 exits: *Fac x3) -5/Factory -5/Garrison History --------- Turn | Location | Event 2 | -11/Scrapyard | Met Revision 17 31 | -11/Scrapyard | Discovered new exit (range 15) 143 | -11/Scrapyard | Entered Materials 334 | -10/Materials | Build established: Mutant 372 | -10/Materials | Identified exit to Mines 550 | -10/Materials | Discovered new exit (range 9) 553 | -10/Materials | Entered Mines 554 | -10/Mines | Assembled infested the area 556 | -10/Mines | Joined a pair of Derelicts in attacking an 0b10 outpost 703 | -10/Mines | Discovered new exit (range 13) 762 | -10/Mines | Discovered new exit (range 4) 768 | -10/Mines | Assisted by bots powering up and referring to "LRC-V3" 793 | -10/Mines | Entered Materials 793 | -9/Materials | Accompanied by 3 allies 793 | -9/Materials | Evolved 2 slots: Propulsion x1, Utility x1 891 | -9/Materials | Discovered new exit (range 11) 933 | -9/Materials | Lost 3 allies 1113 | -9/Materials | Discovered new exit (range 16) 1176 | -9/Materials | Discovered new exit (range 6) 1340 | -9/Materials | Identified exit to Mines 1340 | -9/Materials | Identified exit to Storage 1585 | -9/Materials | Entered Mines 1589 | -9/Mines | YI-UF0 nonchalantly dropped a Grenade Launcher on the ground 1615 | -9/Mines | Deemed a non-threat by the Exiles lab entrance 1615 | -9/Mines | Discovered new exit (range 5) 1623 | -9/Mines | Entered Exiles 1642 | -9/Exiles | Discovered new exit (range 15) 1660 | -9/Exiles | Met 8R-AWN 1682 | -9/Exiles | Met EX-HEX 1756 | -9/Exiles | Met EX-BIN 1775 | -9/Exiles | Aligned with FarCom system 1776 | -9/Exiles | Given EX-Vault access code 1807 | -9/Exiles | Opened EX-Vault 1818 | -9/Exiles | Found Skeleton Box 1845 | -9/Exiles | Warned to stay clear of 0b10 Research branches 1886 | -9/Exiles | Met EX-DEC 2048 | -9/Exiles | Learned location of Zion (-7) 2096 | -9/Exiles | Discovered new exit (range 14) 2114 | -9/Exiles | Left Exiles lab with Skeleton Box 2114 | -9/Exiles | Entered Mines 2396 | -8/Mines | Discovered new exit (range 6) 2411 | -8/Mines | Entered Materials 2411 | -8/Materials | Evolved 2 slots: Utility x1, Weapon x1 2885 | -8/Materials | Build established: Tank 3079 | -8/Materials | Garrison activated, responded to threat 3184 | -8/Materials | Identified exit to Garrison 3184 | -8/Materials | Entered Garrison 3184 | -8/Garrison | Discovered recently destroyed garrison 3206 | -8/Garrison | Installed Relay Interface Framework 3228 | -8/Garrison | Phase Generator disabled 3445 | -8/Garrison | P-60 Hacker assimilated allied Commando 3a 3503 | -8/Garrison | Discovered new exit (range 10) 3518 | -8/Garrison | Learned Materials security intel 3553 | -8/Garrison | Garrison Relay disabled 3765 | -8/Garrison | Discovered new exit (range 13) 3833 | -8/Garrison | Garrison Relay disabled 3923 | -8/Garrison | Garrison Relay disabled 3982 | -8/Garrison | Discovered new exit (range 10) 4017 | -8/Garrison | Garrison Relay disabled 4351 | -8/Garrison | Entered Materials 4351 | -8/Materials | Accompanied by 4 allies 4442 | -8/Materials | Identified exit to Garrison 4442 | -8/Materials | Entered Garrison 4442 | -8/Garrison | Accompanied by 4 allies 4538 | -8/Garrison | Build established: Commander-Tank 4605 | -8/Garrison | Phase Generator disabled 4630 | -8/Garrison | Triggered checkpoint 4762 | -8/Garrison | Triggered checkpoint 4766 | -8/Garrison | Triggered checkpoint 4772 | -8/Garrison | P-60 Hacker assimilated allied Defender 3a 4802 | -8/Garrison | Lost 3 allies 4940 | -8/Garrison | Lost 4 parts (1p1n1u1w) 5010 | -8/Garrison | Discovered new exit (range 66) 5010 | -8/Garrison | Discovered new exit (range 80) 5010 | -8/Garrison | Discovered new exit (range 16) 5058 | -8/Garrison | Build established: Tank 5269 | -8/Garrison | Expanded RIF knowledge: Signal Jamming 5303 | -8/Garrison | Entered Factory 5303 | -7/Factory | Evolved 2 slots: Propulsion x1, Utility x1 5854 | -7/Factory | Discovered new exit (range 18) 5863 | -7/Factory | Garrison activated, responded to threat 5869 | -7/Factory | Build established: Scavenger-Tank 5983 | -7/Factory | Identified exit to Garrison 5983 | -7/Factory | Entered Garrison 6062 | -7/Garrison | H-XX Assembler disabled 6179 | -7/Garrison | Triggered checkpoint 6232 | -7/Garrison | Triggered checkpoint 6244 | -7/Garrison | Lost 3 parts (1u2w) 6583 | -7/Garrison | Discovered new exit (range 11) 6637 | -7/Garrison | Triggered checkpoint 6739 | -7/Garrison | Build established: Tank 6775 | -7/Garrison | Triggered checkpoint 6821 | -7/Garrison | Destroyed 8 combat bots 6823 | -7/Garrison | Triggered checkpoint 6876 | -7/Garrison | Discovered new exit (range 12) 6919 | -7/Garrison | Phase Generator disabled 7051 | -7/Garrison | Triggered checkpoint 7196 | -7/Garrison | Discovered new exit (range 13) 7212 | -7/Garrison | Triggered checkpoint 7260 | -7/Garrison | Expanded RIF knowledge: Alert ID Control 7304 | -7/Garrison | Lost 3 allies 7562 | -7/Garrison | Entered Factory 7562 | -6/Factory | Evolved 2 slots: Utility x2 7766 | -6/Factory | Repaired Arm. Huge Wheel 7914 | -6/Factory | Spotted B-75 Beast 8126 | -6/Factory | Destroyed 7 combat bots 8547 | -6/Factory | Identified exit to Garrison 8547 | -6/Factory | Entered Garrison 8921 | -6/Garrison | Spotted B-75 Beast 8929 | -6/Garrison | Triggered checkpoint 8933 | -6/Garrison | Triggered checkpoint 8944 | -6/Garrison | Allies destroyed B-75 Beast 8971 | -6/Garrison | Triggered checkpoint 8977 | -6/Garrison | Lost 3 allies 8983 | -6/Garrison | Triggered checkpoint 9055 | -6/Garrison | Discovered new exit (range 12) 9058 | -6/Garrison | Spotted B-75 Beast 9058 | -6/Garrison | Spotted B-75 Beast 9103 | -6/Garrison | Destroyed B-75 Beast 9137 | -6/Garrison | Destroyed B-75 Beast 9186 | -6/Garrison | Rewired B-86 Titan 9235 | -6/Garrison | Triggered checkpoint 9414 | -6/Garrison | Discovered new exit (range 13) 9482 | -6/Garrison | Triggered checkpoint 9557 | -6/Garrison | Build established: Scavenger-Tank 9613 | -6/Garrison | Expanded RIF knowledge: Structural Interface 9881 | -6/Garrison | Discovered new exit (range 13) 10125 | -6/Garrison | Triggered checkpoint 10327 | -6/Garrison | Triggered checkpoint 10493 | -6/Garrison | Garrison Relay disabled 10495 | -6/Garrison | Garrison Relay disabled 10698 | -6/Garrison | Entered Factory 10698 | -5/Factory | Accompanied by 1 ally 10698 | -5/Factory | Evolved 2 slots: Propulsion x1, Utility x1 10998 | -5/Factory | First assault squad dispatched 11143 | -5/Factory | Garrison activated, responded to threat 11451 | -5/Factory | Cargo convoy interrupted 11495 | -5/Factory | Core integrity fell below 50% 11505 | -5/Factory | Found Prototype Processor 11505 | -5/Factory | Identified Spectral Analyzer 11508 | -5/Factory | Core integrity fell below 20% 11514 | -5/Factory | Identified exit to Garrison 11514 | -5/Factory | Entered Garrison 11544 | -5/Garrison | Lost 14 parts (1p4n6u3w) 11663 | -5/Garrison | Spotted B-75 Beast 11682 | -5/Garrison | Destroyed by B-75 Beast with Magnetic Acceleration Cannon Last Messages --------------- 11582_ S-27 Virus destroyed. 11585_ Acquired 22 matter. 11590_ Acquired 30 matter. 11591_ Acquired Autogun. 11607_ YT6,C=LU9YTDYOX=GN/ 7DXYTT4QFNB 11622_ S-27 Virus destroyed. 11625_ Acquired 24 matter. 11626_ Acquired Autogun. 11627_ Dropped Autogun. 11635_ System corrupted: Matter fused (-8). 11660_ RIF reveals location of phase wall. 11672_ Slug penetrates S-27 Virus. 11672_ Destroyed Lgt. Nuclear Core. 11675_ Slug penetrates S-27 Virus. 11675_ S-27 Virus destroyed. 11677_ S-27 Virus suffers critical hit (Blast). 11677_ S-27 Virus destroyed. 11679_ Knocked back. 11680_ Acquired 5 matter. 11681_ System corrupted: Matter fused (-9). Map ----- +----------------------------------------------------+ | ?# ###??????????????????????????????????????????? | | ?# #????????????????????????????????????????????? | | ?# #######################??????????????????????? | | ?# #??????????????????????? | | ## #??????????????????????? | | "#++######## ######### #??????????????????????? | | #??????# #???????# #??????????????????????? | | ## #??????##+##???????# #??????????????????????? | | ?# #???????# ########## #??????????????????????? | | ?# #???????#= * *+ #??????????????????????? | | ?# #???????############ #??????????????????????? | | ?# #??????????????????# #??????????????????????? | | ?# #??????????????????# #??????????????????????? | | ?# #??????????????????# #??????????????????????? | | ?# #??????????????????# #??????????????????????? | | ?# #??????????????????# #??????????????????????? | | ?# #??????????????????# #??????????????????????? | | ?# #??????????????????# #??????????????????????? | | ?# #??????????????????# #??????????????????????? | | ?# #??????????????????# #??????????????????????? | | ?# #??????????????????# #??????????????????????? | | ?# #??????????????????# #???????????????C??????? | | ?# #??????????????????# #?##????#####""""## #? | | ?# #################### ##;###;# ## | | ?# + s*s= BB gg | | ?# + @ %%%%*BB / | | ?#################################g ## ## ## | | ?????????????????????????????????? b #???? #?????? | | ?????????????????????????????????g gg ??????????? | | ?????????????????????????????????? ????????? | | ??????????????????????????????????? ??????? | | ????????????????????????????????g?? ?????? | | ??????????????????????????????????? ## ##????? | | ??????????????????????????????????? #? #?????? | | ???????????????????????????????????? ?? ????? | | ???????????????????????????????????? ??? ???? | | ???????????????????????????????????? ?? ??? | | ????????????????????????????????????###???"##++#?? | | ?????????????????????????????????????????????????? | | ?????????????????????????????????????????????????? | | ?????????????????????????????????????????????????? | | ?????????????????????????????????????????????????? | | ?????????????????????????????????????????????????? | | ?????????????????????????????????????????????????? | | ?????????????????????????????????????????????????? | | ?????????????????????????????????????????????????? | | ?????????????????????????????????????????????????? | | ?????????????????????????????????????????????????? | | ?????????????????????????????????????????????????? | | ?????????????????????????????????????????????????? | +----------------------------------------------------+ Best States ------------- Heat Dissipation 68 Energy Generation 21 Energy Capacity 325 Matter Stores 300 Matter Capacity 300 Sight Range 24 Robot Scan Range 14 Terrain Scan Range 20 Terrain Scan Density 10 Armor Coverage 750 Utility Shielding 66 Evasion (%) 53 Targeting Accuracy 8 Recoil Reduction 3 Kinecelleration 30 Item Schematics ----------------- None Robot Schematics ------------------ None Fabricated ------------ Nothing Repaired ---------- Arm. Huge Wheel | 32% | -6/Factory Studied --------- Arm. Huge Wheel | -6/Factory | Hacked Coil Gun | -6/Factory | Hacked Gatling Laser | -6/Factory | Hacked Alien Tech Used ----------------- None Achievements -------------- None Challenges ------------ None Game ------ Seed ChargeAntigravCalibrator Manual? 0 Play Time 02:32:43 Cumulative 144.3 hours Start 2026.09.10 @ 10:45:12 End 2026.09.10 @ 23:17:02 Sessions 5 Manual Loads 0 Difficulty Rogue Special Mode None Game No. 158 Rogue 158 Adventurer 0 Explorer 0 Win Type - Total 0 Types 0/0/0/0/0/0/0/0/0/0 Lore% 66 Gallery% 53 Achievement% 38 Wizard Run 0 Options --------- Layout 1 ASCII 0 Keyboard 0 Movement Mouse Keybinds 0 Fullscreen 1 Font 24/Smallcaps Map View 50x35 Zoom Use 0% Tactical HUD 1 Map Filters NONE Filters NONE Steam 1 RUN: 3c3d876c-4bcc-44f9-905c-0b6eb5652bd0